Map: Divergence LE

Players

Massa

  • Race: Terran Terran
  • League: Gold
  • Spawn Location: 5:00

qqq

  • Race: Zerg Zerg
  • League: Platinum
  • Spawn Location: 5:00

TIOOO - Winner!

  • Race: Protoss Protoss
  • League: Platinum
  • Spawn Location: 11:00

DrEvil - Winner!

  • Race: Terran Terran
  • League: Platinum
  • Spawn Location: 11:00

VOD

Have the link to the VOD?

Description

Time

  • Played on: April 27, 2020, 3:18 p.m.
  • Length: 13:29
Show
View Real Time Build Order
Export as new Build Order

Massa Terran 

Build Orders:  

Get SALT Encoding   

  12  0:13  SCV  
  13  0:15  Supply Depot  
  13  0:25  SCV  
  14  0:39  SCV  
  14  0:40  Barracks  
  15  0:52  SCV  
  16  1:07  Supply Depot  
  16  1:22  SCV  
  17  1:34  SCV  
  18  1:46  SCV  
  19  1:58  SCV  
  20  2:05  Barracks  
  21  2:17  Refinery  
  21  2:18  Orbital Command  
  21  2:22  Refinery  
  20  2:28  Barracks  
  20  2:36  Marine  
  20  2:54  Marine  
  20  3:07  Marine  
  20  3:11  Marine  
  19  3:24  SCV  
  19  3:25  Marine  
  21  3:29  Marine x2  
  21  3:34  Barracks  
  23  3:37  SCV  
  24  3:42  Marine  
  24  3:47  Marine x2  
  27  3:49  SCV  
  27  3:54  Engineering Bay  
  28  4:00  Marine  
  28  4:01  SCV  
  30  4:03  Factory  
  30  4:05  Command Center  
  30  4:09  Barracks Tech Lab  
  30  4:13  SCV  
  30  4:18  Barracks Reactor  
  30  4:51  Marine  
  31  5:00  Factory Tech Lab, Supply Depot  
  31  5:07  Marine x3  
  31  5:08  Marauder  
  31  5:09  Marine  
  37  5:22  Supply Depot  
  37  5:25  Marine x3  
  40  5:29  Marauder  
  40  5:30  SCV  
  43  5:42  SCV  
  44  5:49  Terran Infantry Weapons Level 1  
  44  5:50  Marauder  
  44  5:54  SCV, Engineering Bay  
  40  6:06  SCV  
  40  6:07  Siege Tank  
  40  6:10  Marine x3  
  47  6:12  Marauder  
  49  6:18  SCV  
  36  6:33  Marauder  
  36  6:39  Siege Tank  
  33  6:51  Marine  
  33  6:52  Marine x3  
  37  6:55  Marauder  
  39  7:09  Marine  
  39  7:11  Marine x3  
  43  7:16  Marauder  
  45  7:34  Marine x4  
  49  7:37  Marauder  
  51  7:52  Marine x3  
  51  7:54  Barracks Reactor  
  51  7:55  Siege Tank  
  57  7:59  Marauder  
  59  8:13  Command Center  
  59  8:18  Sensor Tower  
  59  8:32  Supply Depot  
  59  8:34  Supply Depot  
  59  8:41  Supply Depot  
  59  8:53  Marine  
  60  9:30  Marine x2  
  60  9:31  Marauder, Marine x2  
  66  9:42  SCV  
  67  9:46  SCV  
  67  9:52  Marauder  
  70  9:54  SCV  
  71  10:06  Barracks Reactor, SCV  
  72  10:07  Marine x2  
  72  10:08  Marine  
  72  10:13  Marauder  
  75  10:18  SCV  
  76  10:23  Terran Infantry Armor Level 1  
  76  10:28  Armory  
  76  10:29  Armory  
  76  10:35  Marauder  
  78  10:43  Missile Turret  
  78  10:52  Marine x4  
  78  10:56  Marauder  
  84  11:04  Missile Turret  
  84  11:17  Marauder  
  86  11:18  SCV  
  86  11:19  SCV  
  86  11:24  Command Center, Missile Turret  
  88  11:31  SCV x2  
  90  11:36  Combat Shield  
  90  11:47  Supply Depot  
  90  11:50  Supply Depot  
  90  11:58  Marine  
  90  11:59  Marauder, Marine  
  94  12:08  Thor  
  100  12:10  Supply Depot  
  100  12:14  Supply Depot  
  88  12:37  Marauder, Marine x6  
  54  12:51  Siege Tank  
  54  12:54  Marine  
  53  12:58  Marauder  
Show
View Real Time Build Order
Export as new Build Order

qqq Zerg 

Build Orders: Hatch First, Swarm Host 

Get SALT Encoding   

  12  0:04  Drone  
  13  0:10  Drone  
  14  0:38  Hatchery  
  14  0:41  Overlord  
  13  0:46  Drone  
  14  1:02  Spawning Pool  
  13  1:07  Extractor  
  13  1:11  Drone  
  13  1:12  Drone  
  13  1:16  Extractor  
  13  1:31  Drone  
  13  1:32  Drone  
  15  1:38  Drone  
  16  1:55  Drone  
  16  1:56  Zergling x2  
  18  2:02  Drone  
  18  2:03  Queen  
  18  2:07  Drone  
  22  2:14  Zergling x2  
  23  2:22  Zergling x2  
  24  2:23  Zergling x2  
  23  2:38  Zergling x2  
  23  2:39  Zergling x4  
  25  2:44  Drone  
  26  2:51  Drone  
  26  2:53  Drone  
  28  3:28  Overlord x3  
  28  3:37  Lair  
  28  3:49  Drone x3  
  28  3:50  Drone  
  28  3:53  Drone  
  33  3:56  Drone  
  35  4:02  Drone  
  35  4:06  Drone  
  35  4:09  Drone  
  34  4:30  Spine Crawler  
  33  4:33  Spine Crawler  
  33  4:34  Drone x3  
  33  4:49  Spire  
  33  4:52  Drone  
  33  4:54  Drone  
  33  4:58  Drone  
  35  5:04  Drone x2  
  37  5:33  Drone x3  
  37  5:34  Drone x3  
  43  5:38  Overlord  
  43  5:39  Overlord  
  43  5:46  Drone  
  44  6:01  Mutalisk x3  
  50  6:04  Zerg Flyer Weapons Level 1  
  50  6:09  Drone x2  
  50  6:10  Mutalisk  
  54  6:13  Mutalisk  
  53  6:26  Mutalisk  
  53  6:27  Mutalisk  
  55  6:34  Mutalisk  
  51  6:43  Mutalisk x3  
  46  7:03  Mutalisk  
  36  7:26  Mutalisk  
  36  7:27  Mutalisk  
  36  7:28  Drone  
  36  7:29  Drone x2  
  43  7:42  Hatchery  
  42  8:03  Drone  
  43  8:11  Hatchery  
  42  8:18  Mutalisk  
  44  8:20  Drone  
  45  8:31  Mutalisk  
  45  8:33  Drone  
  48  8:41  Drone  
  49  8:55  Mutalisk  
  43  9:17  Drone  
  43  9:18  Drone x2  
  43  9:21  Drone x2  
  48  9:36  Mutalisk  
  48  9:37  Mutalisk  
  52  9:40  Drone x2  
  38  10:07  Hatchery  
  38  10:10  Drone x2  
  39  10:14  Zerg Flyer Armor Level 1  
  39  10:16  Mutalisk  
  41  10:24  Drone x2, Extractor  
  42  10:39  Infestation Pit  
  42  10:54  Drone x2  
  43  10:57  Drone  
  43  10:58  Extractor  
  41  11:10  Hydralisk Den  
  40  11:17  Evolution Chamber  
  39  11:18  Hive  
  39  11:19  Evolution Chamber  
  39  11:22  Drone x3  
  41  11:31  Drone  
  41  11:32  Drone x2  
  44  11:36  Swarm Host  
  47  11:42  Muscular Augments  
  47  11:48  Swarm Host  
  47  11:51  Drone  
  51  12:14  Hatchery  
  50  12:18  Drone x3  
  50  12:19  Swarm Host  
  50  12:20  Swarm Host x2  
  48  12:41  Swarm Host  
  51  12:46  Swarm Host  
  51  12:47  Swarm Host  
  57  12:56  Swarm Host x2  
  57  12:58  Swarm Host  
  63  13:02  Drone  
  67  13:07  Overlord  
Show
View Real Time Build Order
Export as new Build Order

TIOOO Protoss - Winner!

Build Orders:  

Get SALT Encoding   

  12  0:02  Probe (Chrono Boost)  
  13  0:12  Probe (Chrono Boost)  
  14  0:17  Probe (Chrono Boost)  
  15  0:27  Pylon  
  15  0:40  Assimilator  
  15  0:45  Probe  
  15  0:46  Gateway  
  16  0:57  Probe (Chrono Boost)  
  16  1:00  Assimilator  
  17  1:09  Probe (Chrono Boost)  
  18  1:15  Pylon  
  18  1:16  Probe (Chrono Boost)  
  19  1:24  Probe  
  20  1:36  Probe, Cybernetics Core  
  21  1:44  Gateway  
  21  1:49  Probe  
  22  2:00  Gateway  
  22  2:01  Probe  
  23  2:11  Assimilator  
  23  2:16  Assimilator  
  23  2:19  Warp Gate (Chrono Boost)  
  23  2:21  Pylon  
  23  2:31  Gateway  
  23  2:47  Stalker  
  23  2:50  Stalker  
  27  2:56  Pylon  
  27  3:12  Pylon  
  27  3:13  Zealot  
  27  3:17  Zealot  
  27  3:19  Zealot  
  33  3:30  Stalker  
  35  3:39  Pylon  
  35  3:56  Stalker x3  
  41  4:08  Forge  
  41  4:17  Zealot  
  41  4:20  Zealot  
  45  4:48  Protoss Ground Weapons Level 1 (Chrono Boost)  
  45  4:49  Nexus  
  45  5:00  Probe  
  46  5:12  Probe  
  46  5:13  Zealot x2  
  51  5:24  Probe, Twilight Council  
  52  5:31  Pylon  
  52  5:44  Gateway  
  52  5:48  Probe  
  53  6:01  Probe  
  44  6:35  Blink (Chrono Boost)  
  42  6:40  Stalker  
  42  6:41  Stalker x4  
  50  7:09  Probe x2  
  52  7:21  Probe x2  
  50  7:29  Stalker  
  51  7:30  Stalker x3  
  51  7:33  Probe x2  
  59  7:45  Probe x2  
  59  7:46  Pylon  
  61  7:57  Probe  
  61  7:58  Probe  
  63  8:00  Assimilator  
  63  8:04  Assimilator  
  63  8:09  Probe  
  63  8:10  Probe  
  65  8:20  Photon Cannon  
  65  8:23  Photon Cannon x2  
  65  8:27  Protoss Ground Weapons Level 2 (Chrono Boost)  
  65  8:28  Photon Cannon  
  65  8:30  Pylon  
  65  8:46  Stalker x2  
  69  8:48  Stalker  
  70  9:17  Nexus  
  70  9:42  Stalker x4  
  70  9:43  Stalker  
  78  10:25  Robotics Facility  
  78  10:26  Forge  
  78  10:27  Pylon, Robotics Facility  
  78  10:28  Probe x2  
  80  10:30  Probe, Pylon  
  81  10:40  Probe x2  
  81  10:42  Probe  
  84  10:43  Protoss Shields Level 1 (Chrono Boost)  
  84  10:46  Pylon  
  84  10:52  Probe x2  
  84  10:54  Probe  
  87  11:00  Stalker x4  
  87  11:01  Stalker  
  97  11:04  Probe x2  
  99  11:14  Probe  
  99  11:16  Probe x2  
  99  11:17  Assimilator  
  102  11:21  Assimilator  
  102  11:25  Robotics Bay  
  102  11:29  Protoss Ground Armor Level 1 (Chrono Boost)  
  102  11:31  Probe x2  
  104  11:38  Probe  
  105  11:41  Pylon  
  105  11:43  Probe, Pylon  
  106  11:48  Immortal x2 (Chrono Boost)  
  114  12:11  Robotics Facility  
  104  13:20  Stalker x2  
  104  13:21  Stalker x3  
Show
View Real Time Build Order
Export as new Build Order

DrEvil Terran - Winner!

Build Orders: 2 Factory, Liberator Opening, Mech 

Get SALT Encoding   

  12  0:01  SCV  
  13  0:18  SCV, Supply Depot  
  14  0:30  SCV  
  14  0:32  Refinery  
  15  0:42  Barracks  
  15  0:49  SCV  
  16  1:01  SCV  
  17  1:07  Supply Depot  
  17  1:13  SCV  
  18  1:25  SCV  
  19  1:27  Refinery  
  19  1:29  Reaper  
  20  1:37  SCV  
  21  1:50  Orbital Command  
  21  2:01  Factory  
  21  2:23  SCV  
  21  2:25  Command Center  
  22  2:36  SCV  
  23  2:47  Factory Reactor  
  23  2:48  SCV  
  24  2:51  Starport  
  24  2:56  Supply Depot  
  24  3:00  SCV  
  25  3:14  Factory  
  25  3:25  Hellion x2  
  28  3:29  Armory  
  28  3:32  Supply Depot  
  28  3:43  Liberator  
  28  3:45  SCV  
  28  3:47  SCV  
  33  3:57  SCV  
  33  3:59  SCV  
  33  4:00  Factory Tech Lab  
  35  4:05  Factory  
  36  4:10  SCV  
  36  4:11  SCV  
  36  4:16  Hellion  
  43  4:31  Hellion x2  
  43  4:37  SCV x2  
  45  4:44  Infernal Pre-Igniter  
  45  4:46  Starport Reactor  
  45  4:49  SCV  
  45  4:52  SCV, Terran Vehicle Weapons Level 1  
  47  4:57  Refinery  
  47  4:59  Refinery  
  47  5:01  SCV  
  47  5:05  Factory Tech Lab  
  47  5:06  Supply Depot  
  48  5:23  Medivac  
  47  5:29  Smart Servos, Supply Depot  
  47  5:32  SCV  
  47  5:33  SCV  
  47  5:34  Hellion x4  
  57  5:45  SCV x2  
  59  5:52  Supply Depot x2  
  59  5:55  Factory  
  59  6:03  Hellion x2  
  59  6:04  Hellion  
  65  6:15  Supply Depot  
  65  6:28  Hellion  
  65  6:29  Hellion x3  
  71  6:37  SCV  
  71  6:38  Orbital Command  
  71  6:39  Supply Depot  
  72  6:47  Terran Vehicle Weapons Level 2  
  72  6:49  SCV  
  72  6:50  Hellion x3  
  72  6:52  Armory  
  76  7:13  Viking x2  
  75  7:37  Starport, Command Center  
  75  7:43  Viking x2  
  75  7:44  Terran Vehicle And Ship Armor Level 1  
  79  8:00  Hellion  
  79  8:01  Hellion  
  79  8:02  Hellion  
  79  8:03  Hellion  
  78  8:12  Thor  
  84  8:13  Viking x2  
  84  8:15  Starport Reactor  
  88  8:35  Supply Depot  
  88  8:43  Viking x2  
  88  8:47  Thor  
  98  8:48  Factory Tech Lab  
  98  8:57  Supply Depot  
  88  9:11  Terran Vehicle Weapons Level 3  
  88  9:13  Viking x2  
  88  9:14  Engineering Bay  
  92  9:22  Supply Depot  
  92  9:30  Thor  
  98  9:34  Command Center  
  98  9:38  Supply Depot  
  98  9:41  Viking  
  98  9:43  Viking x2  
  104  9:55  SCV  
  103  10:01  Supply Depot  
  103  10:03  Viking  
  99  10:07  SCV  
  99  10:10  Refinery  
  99  10:11  Refinery, Viking  
  99  10:13  Viking x2  
  106  10:20  SCV  
  107  10:21  Terran Vehicle And Ship Armor Level 2  
  107  10:25  Supply Depot  
  107  10:26  Hellbat x4  
  115  10:34  SCV x2  
  117  10:45  Viking x2  
  117  10:48  SCV x2  
  117  10:49  SCV  
  124  10:50  Missile Turret  
  124  10:57  Viking x2  
  128  11:11  Missile Turret  
  128  11:17  Supply Depot  
  128  11:28  SCV  
  128  11:32  Missile Turret  
  129  11:39  Starport  
  129  11:40  Supply Depot  
  129  11:44  Viking  
  129  11:45  Viking x3  
  137  11:54  Missile Turret  
  137  12:00  Planetary Fortress  
  137  12:01  SCV x2  
  138  12:05  Supply Depot  
  139  12:13  SCV x2  
  141  12:17  Starport Reactor  
  141  12:19  Viking  
  141  12:20  Viking  
  145  12:24  Hellbat x3  
  145  12:25  SCV  
  116  12:45  Thor x2  
  124  12:55  Hellion  
  124  12:56  Hellion x2  
  130  12:59  SCV x2  
  130  13:03  Supply Depot  
Tags
 
Add a new tag
Caveats
  • Supply blocks, unpowered buildings, or Contaminate may cause inaccurate times.
  • Supply counts are checked every 10 seconds.